 Dungeon Crawl Stone Soup version 0.24-a0-520-g8fd06ad0bc (webtiles) character file.

Game seed: 14916258367763335983

400 KristoblXynda the Slasher (level 6, -2/48 HPs)
             Began as a Draconian Skald on July 27, 2019.
             Slain by a sky beast (5 damage)
             ... on level 4 of the Dungeon.
             The game lasted 00:05:45 (4122 turns).

KristoblXynda the Slasher (Draconian Skald)         Turns: 4122, Time: 00:05:46

Health: -2/48      AC:  7    Str: 13    XL:     6   Next: 54%
Magic:  9/9        EV: 13    Int: 16    God:
Gold:   202        SH:  0    Dex: 10    Spells: 3/9 levels left

rFire    + + .     SeeInvis .   r - +0 long sword
rCold    + + .     Gourm    .   (no shield)
rNeg     . . .     Faith    .   (armour unavailable)
rPois    +         Spirit   .   (helmet restricted)
rElec    +         Reflect  .   a - scarf {rC+ rF+}
rCorr    +         Harm     .   f - +0 pair of gloves
MR       .....                  (no boots)
Stlth    +.........             (no amulet)
HPRegen  0.16/turn              (no ring)
MPRegen  0.11/turn              (no ring)

@: resistant
A: unfitting armour, cold-blooded, AC +6
a: no special abilities


You were on level 4 of the Dungeon.
You were not hungry.

You visited 1 branch of the dungeon, and saw 4 of its levels.

You collected 202 gold pieces.

Inventory:

Hand Weapons
 n - a +0 dagger of venom
 r - a +0 long sword (weapon)
Armour
 a - a scarf of resistance (worn)
 f - a +0 pair of gloves (worn)
Jewellery
 j - a cursed ring of attention {unknown}
Wands
 q - a wand of scattershot (3)
 u - a wand of disintegration (5)
 v - a wand of random effects (23)
Scrolls
 d - a scroll of immolation {unknown}
 e - a scroll of amnesia
 g - 4 scrolls of teleportation
 h - 2 scrolls of remove curse
 k - 3 scrolls of identify
 p - a scroll of enchant weapon {unknown}
 s - a scroll of magic mapping {unknown}
Potions
 b - a potion of resistance
 i - a potion of magic {unknown}
 l - 3 potions of flight
 m - a potion of curing {unknown}
 o - a potion of brilliance {unknown}
Comestibles
 c - 8 rations


   Skills:
 - Level 2.1 Fighting
 * Level 5.1 Long Blades
 + Level 3.7 Dodging
 - Level 2.0 Spellcasting
 + Level 4.0 Charms


You had 3 spell levels left.
You knew the following spells:

 Your Spells              Type           Power        Failure   Level  Hunger
b - Regeneration          Chrm/Necr      #.........   26%         3    ###....
c - Spectral Weapon       Hex/Chrm       #.......     26%         3    ###....

Your spell library contained the following spells:

 Spells                   Type           Power        Failure   Level  Hunger
 Infusion                 Chrm           ##..         3%          1    #......
 Song of Slaying          Chrm           ##......     6%          2    ###....
 Shroud of Golubria       Chrm/Tloc      #.....       14%         2    ###....


Dungeon Overview and Level Annotations

Branches:
Dungeon (4/15)
 Temple: D:4-7

Altars:
Elyvilon
Okawaru
Vehumet
Wu Jian
Yredelemnul

Shops:
D:4 =


Innate Abilities, Weirdness & Mutations

Your plain brown scales are hard. (AC +6)
You cannot fit into any form of body armour.
You are cold-blooded and may be slowed by cold attacks.


Message History

Deactivating autopickup; reactivate with Ctrl-A.
Something hits you. Something shocks you.
You closely miss something. Something hits you but does no damage.
You barely miss something. You tail-slap something.
A sky beast appears from thin air!
Reactivating autopickup.
The sky beast hits you. The sky beast shocks you.
* * * LOW HITPOINT WARNING * * *
You miss the sky beast.
The sky beast is severely wounded.
The sky beast flickers out of sight!
Deactivating autopickup; reactivate with Ctrl-A.
Something hits you.
* * * LOW HITPOINT WARNING * * *
Something shocks you.
* * * LOW HITPOINT WARNING * * *
It was a potion of resistance.
You feel protected. Something hits you.
You die...

#...........# .
#...(...∩...#
#...........#
######......#
#......# #......#
#......#
##########......#
#...{@..........#
#..≈.[......#####
#...........#
#...........#
#...........#
#...........#
#############


There were no monsters in sight!

Vanquished Creatures
  An ice beast (D:3)
  An ogre (D:4)
  2 bullfrog skeletons
  Ijyb (D:3)
  3 adders (D:2)
  2 worms
  3 dart slugs
  4 leopard geckos
  5 orcs (D:3)
  5 bats
  4 giant cockroaches
  2 gnoll zombies (D:2)
  10 goblins
  9 hobgoblins
  12 jackals
  9 kobolds
  3 quokkas
  4 frilled lizards
  11 rats
91 creatures vanquished.

Notes
Turn   | Place    | Note
-------+----------+-------------------------------------------
     0 | D:1      | KristoblXynda the Draconian Skald began the quest for the
                  | Orb.
     0 | D:1      | Reached XP level 1. HP: 17/17 MP: 3/3
    41 | D:1      | Reached XP level 2. HP: 18/24 MP: 5/5
   511 | D:1      | Reached XP level 3. HP: 27/29 MP: 6/6
   600 | D:1      | Reached skill level 3 in Long Blades
   874 | D:1      | Learned a level 3 spell: Regeneration
   916 | D:2      | Found a basalt altar of Yredelemnul.
   949 | D:2      | Found a radiant altar of Vehumet.
  1418 | D:2      | Reached XP level 4. HP: 36/36 MP: 7/7
  2285 | D:2      | Learned a level 3 spell: Spectral Weapon
  2574 | D:3      | Found an iron altar of Okawaru.
  2975 | D:3      | Reached XP level 5. HP: 41/41 MP: 8/8
  2998 | D:3      | Noticed Ijyb
  3010 | D:3      | Reached skill level 4 in Long Blades
  3021 | D:3      | Killed Ijyb
  3418 | D:3      | Noticed an ice beast
  3444 | D:3      | Killed an ice beast
  3444 | D:3      | Reached XP level 6. HP: 36/48 MP: 2/9
  3739 | D:4      | Reached skill level 5 in Long Blades
  3942 | D:4      | Found Pokloxev's Jewellery Boutique.
  3997 | D:4      | Found a white marble altar of Elyvilon.
  4036 | D:4      | Found an ornate altar of the Wu Jian Council.
  4101 | D:4      | Noticed a sky beast
  4122 | D:4      | Slain by a sky beast

Levels and vault maps discovered:
D:1:      ncdulo_watergridlock, layout_basic, kennysheep_boxes
D:2:      minmay_diamond_boxcup, layout_loops_ring,
          nicolae_overflow_crystal_walls, lemuel_zombie_altar_yredelemnul,
          dk_noncrumbling_4, grunt_ministairs_8
D:3:      layout_basic, overflow_temple_1_default, uniq_ijyb
D:4:      layout_basic, marbit_many_paths, bloody_makhleb,
          overflow_temple_1_default, serial_shops, shop

Skill      XL: |  1  2  3  4  5  6 |
---------------+-------------------+-----
Charms         | 3 4 |  4.0
Long Blades    | 3 4 5 |  5.1
Dodging        | 3 |  3.7
Fighting       | |  2.1
Spellcasting   | |  2.0

Action                   |  1- 3 |  4- 6 || total
-------------------------+-------+-------++-------
Melee: Falchion          |   142 |       ||   142
       Tailslap          |    15 |    22 ||    37
       Dagger            |     6 |    69 ||    75
       Long sword        |       |   121 ||   121
 Cast: Infusion          |     2 |       ||     2
       Regeneration      |       |     2 ||     2
       Spectral Weapon   |       |     2 ||     2
  Use: Scroll            |       |     5 ||     5
       Potion            |       |     1 ||     1
 Stab: Distracted        |       |     1 ||     1
       Sleeping          |       |     1 ||     1
  Eat: Chunk             |     2 |     6 ||     8
       Ration            |       |     1 ||     1
Armor: Skin              |    55 |    73 ||   128
Dodge: Dodged            |   122 |   122 ||   244
       Rpst.: Falchion   |    35 |       ||    35
       Long sword        |       |    20 ||    20

Table legend:
 A = Non-vault XP
 B = Vault XP
 C = Vault XP percentage of total XP
 D = Non-vault monster count
 E = Vault monster count
 F = Vault count percentage of total count
                 A         B        C        D         E       F
            +---------+---------+-------+---------+---------+-------
      Total |     488 |      84 |  14.7 |      77 |      14 |  15.4
            +---------+---------+-------+---------+---------+-------
        D:1 |      61 |       0 |   0.0 |      30 |       0 |   0.0
        D:2 |      38 |      48 |  55.8 |      15 |      13 |  46.4
        D:3 |     224 |      36 |  13.8 |      27 |       1 |   3.6
        D:4 |     165 |       0 |   0.0 |       5 |       0 |   0.0
            +---------+---------+-------+---------+---------+-------
